 Dungeon Sprint DCSS version 0.20-a0-839-gdaf5c57 (webtiles) character file.

800000 esc the Warrior (level 12, -8/113 HPs)
             Began as a Demonspawn Fighter on Mar 8, 2017.
             Mangled by a meat berserker
             ... wielding a +9 battleaxe
              (60 damage)
             ... in the Dungeon (Sprint VIII: "Arena of Blood").
             The game lasted 00:00:39 (8 turns).

esc the Warrior (Demonspawn Fighter)                   Turns: 8, Time: 00:00:40

Health: -8/113     AC: 13    Str: 22    XL:     12   Next: 96%
Magic:  12/12      EV: 19    Int:  9    God:
Gold:   0          SH:  0    Dex: 13    Spells: 11/11 levels left

rFire    . . .     SeeInvis .   l - +∞ Axe of Woe
rCold    . . .     Gourm    .   b - +0 scale mail
rNeg     . . .     Faith    .   (shield currently unavailable)
rPois    .         Spirit   .   (helmet restricted)
rElec    .         Reflect  .   (no cloak)
rCorr    .         Harm     .   (no gloves)
MR       .....     NoTele   +   (no boots)
Stlth    ..........             (no amulet)
Regen    0.3/turn               (no ring)
MPRegen  0.2/turn               (no ring)

@: no status effects
A: antennae 2, molten scales 2, spiny 2, rot immunity
a: no special abilities


You were in the Dungeon.
You were not hungry.

You visited 1 branch

Inventory:

Hand Weapons
 a - a +0 war axe
 l - the +∞ Axe of Woe (weapon)
   (You found it in the Dungeon)
Armour
 b - a +0 scale mail (worn)
 c - a +0 shield
Scrolls
 k - a scroll of blinking {!r}
Potions
 d - a potion of might
 e - a potion of curing
 g - a potion of heal wounds
 h - a potion of haste
 i - 2 potions of magic
 j - a potion of berserk rage {!q}
Comestibles
 f - a bread ration {@e1}


   Skills:
 + Level 16.8 Fighting
 + Level 15.5 Axes
 + Level 15.6 Armour
 + Level 15.4 Dodging
 - Level 2.6 Shields


You had 11 spell levels left.
You didn't know any spells.

Dungeon Overview and Level Annotations

Branches:
Dungeon (1/1)

Altars:
Makhleb


Innate Abilities, Weirdness & Mutations

You have a pair of antennae on your head.
You are mostly covered in molten scales. (AC +3)
You are mostly covered in sharp spines.
You are immune to rotting.


Message History

------------------------------------------------------------------------------ ------------------------------------------------------------------------------ -- -- -- The Arena Of Blood -- -- -- -- -- -- -- -- You descend into the pit of gibs and meat, -- -- The sunken abyss of the depraved, -- -- The mill of turgid gutspawn. -- -- The writhen instruments serve in adoration, -- -- Immured beneath a rotten throne. -- -- -- -- Before you lies the servitor of chaos, -- -- The cleaver, -- -- The blasphemer, -- -- The destroyer, -- -- The Axe of Woe. -- -- -- -- Vessel of Makhleb, -- -- You are the unmaker, -- -- You bring the rapture, -- -- The murmurs of the thralls rise... -- -- The theatre of blood begins. -- -- -- ------------------------------------------------------------------------------ ------------------------------------------------------------------------------ Welcome, esc the Demonspawn Fighter.
Found the +∞ Axe of Woe.
Found four burning altars of Makhleb.
Found a staircase leading out of the dungeon.
Unknown command.
Unknown command.
Unknown command.
Take off which item? (? for menu, Esc to quit)
You start removing your armour.
You continue taking off your +0 shield.
You hear a shout! x6
Keep disrobing?
You continue taking off your +0 shield.
The bag of meat shouts! x3; You hear a shout! x8
You continue taking off your +0 shield.
The bag of meat shouts!
You hear a shout! x2
You continue taking off your +0 shield.
You hear a shout! x6
You finish taking off your +0 shield.
l - the +∞ Axe of Woe The bag of meat shouts! x2; You hear a shout! x2
The meat berserker appears out of thin air!
A meat berserker comes into view. It is wielding a +9 battleaxe.
You hear a shout! x3
A bag of meat comes into view. It is wielding a +9 war axe.
Wield which item (- for none, * to show all)? (? for menu, Esc to quit)
l - the +∞ Axe of Woe (weapon)
The bag of meat shouts!
You hear a shout! x6
A bag of meat comes into view. It is wielding a +9 war axe.
Unknown command.
Unknown command.
Unknown command.
The bag of meat shouts!
You hear a shout! x2
The bag of meat moves out of view.
You hear a shout! x3
You hit the bag of meat.
You pulverise the bag of meat into a thin bloody mist.
You kill the bag of meat!
Your Fighting skill gained 11 levels and is now at level 14!
Your Axes skill gained 12 levels and is now at level 13!
Your Armour skill gained 11 levels and is now at level 13!
Your Dodging skill gained 13 levels and is now at level 13!
You have reached level 2!
Your demonic ancestry asserts itself...
A pair of antennae grows on your head!
You have reached level 3!
Your experience leads to an increase in your attributes!
Increase (S)trength, (I)ntelligence, or (D)exterity?
You feel stronger.
Your demonic ancestry asserts itself...
Sharp spines emerge from parts of your body.
You have reached level 4!
You feel agile.
Your demonic ancestry asserts itself...
Sharp spines emerge from more of your body.
You have reached level 5!
Your demonic ancestry asserts itself...
The antennae on your head grow some more.
You have reached level 6!
Your experience leads to an increase in your attributes!
Increase (S)trength, (I)ntelligence, or (D)exterity?
You feel stronger.
Your demonic ancestry asserts itself...
Molten scales grow over part of your body.
You have reached level 7!
You have reached level 8!
You feel stronger.
Your demonic ancestry asserts itself...
Molten scales spread over more of your body.
You have reached level 9!
Your experience leads to an increase in your attributes!
Increase (S)trength, (I)ntelligence, or (D)exterity?
You feel stronger.
You have reached level 10!
You have reached level 11!
You slice the bag of meat!!
You hew the bag of meat savagely.
You kill the bag of meat!
Your Fighting skill gained 2 levels and is now at level 16!
Your Axes skill gained 2 levels and is now at level 15!
Your Armour skill gained 2 levels and is now at level 15!
Your Dodging skill gained 2 levels and is now at level 15!
You have reached level 12!
Your experience leads to an increase in your attributes!
Increase (S)trength, (I)ntelligence, or (D)exterity?
You feel stronger. x2; Your demonic ancestry asserts itself...
You feel immune to rotting.
You hear a shout! x9
The meat berserker is struck by your spines.
The meat berserker hits you with a +9 battleaxe!!!
Ouch! That really hurt!
You hear a shout! x5
The meat berserker is struck by your spines.
The meat berserker hits you with a +9 battleaxe!!!
Ouch! That really hurt!
You die...

... .. #.. .# .
#.. ..# ..###..
..###.
......###......
....._......
#..O..# #_@<._#
#).)..#
..o.._o.....
.o.o..###o.....
..###.. o.###.
. #.. ..# #..
.# ... .o


You could see a meat berserker (berserk) and 6 bags of meat.

Vanquished Creatures
  2 orcs (D)
2 creatures vanquished.

Notes
Turn   | Place    | Note
-------+----------+-------------------------------------------
     0 | D        | esc the Demonspawn Fighter began the quest for the Orb.
     0 | D        | Reached XP level 1. HP: 18/18 MP: 1/1
     2 | D        | Noticed a bag of meat
     2 | D        | Noticed a bag of meat
     2 | D        | Noticed a bag of meat
     3 | D        | Noticed a bag of meat
     5 | D        | Noticed a bag of meat
     5 | D        | Noticed a bag of meat
     6 | D        | Noticed a bag of meat
     6 | D        | Noticed a meat berserker
     7 | D        | Noticed a bag of meat
     8 | D        | Killed a bag of meat
     8 | D        | Reached skill level 14 in Fighting
     8 | D        | Reached skill level 13 in Axes
     8 | D        | Reached skill level 13 in Armour
     8 | D        | Reached skill level 13 in Dodging
     8 | D        | Gained mutation: You have a pair of small antennae on your head. [demonic ancestry]
     8 | D        | Reached XP level 2. HP: 43/43 MP: 2/2
     8 | D        | Gained mutation: You are partially covered in sharp spines. [demonic ancestry]
     8 | D        | Reached XP level 3. HP: 49/49 MP: 3/3
     8 | D        | Gained mutation: You are mostly covered in sharp spines. [demonic ancestry]
     8 | D        | Reached XP level 4. HP: 56/56 MP: 4/4
     8 | D        | Gained mutation: You have a pair of antennae on your head. [demonic ancestry]
     8 | D        | Reached XP level 5. HP: 62/62 MP: 5/5
     8 | D        | Gained mutation: You are partially covered in molten scales. (AC +2) [demonic ancestry]
     8 | D        | Reached XP level 6. HP: 69/69 MP: 6/6
     8 | D        | Reached XP level 7. HP: 75/75 MP: 7/7
     8 | D        | Gained mutation: You are mostly covered in molten scales. (AC +3) [demonic ancestry]
     8 | D        | Reached XP level 8. HP: 82/82 MP: 8/8
     8 | D        | Reached XP level 9. HP: 88/88 MP: 9/9
     8 | D        | Reached XP level 10. HP: 95/95 MP: 10/10
     8 | D        | Reached XP level 11. HP: 101/101 MP: 11/11
     8 | D        | Killed a bag of meat
     8 | D        | Reached skill level 16 in Fighting
     8 | D        | Reached skill level 15 in Axes
     8 | D        | Reached skill level 15 in Armour
     8 | D        | Reached skill level 15 in Dodging
     8 | D        | Gained mutation: You are immune to rotting. [demonic ancestry]
     8 | D        | Reached XP level 12. HP: 113/113 MP: 12/12
     8 | D        | Mangled by a meat berserker

Vault maps used:
D:        meatsprint

Skill      XL: |  1  2  3  4  5  6  7  8  9 10 11 |
---------------+----------------------------------+-----
Fighting       | 14 16 | 16.8
Axes           | 13 15 | 15.5
Armour         | 13 15 | 15.6
Dodging        | 13 15 | 15.4
Shields        | |  2.6

Action                   |  1- 3 |  4- 6 |  7- 9 | 10-12 || total
-------------------------+-------+-------+-------+-------++-------
Melee: Executioner's axe |     1 |       |       |       ||     1

Vault maps used:
D:        meatsprint

Table legend:
 A = Turns spent in this place as a percentage of turns spent in the entire game.
 B = Non-inter-level travel turns spent in this place as a percentage of non-inter-level travel turns spent in the entire game.
 C = Inter-level travel turns spent in this place as a percentage of turns spent in this place.
 D = Turns resting spent in this place as a percentage of non-inter-level travel turns spent in this place.
 E = Turns spent auto-exploring this place as a percentage of non-inter-level travel turns spent in this place.
 F = Non-inter-level travel turns spent in this place divided by the number of levels of this place that you've seen.
                   A       B       C       D       E      F
               +-------+-------+-------+-------+-------+----------------------
         Total | 100.0 | 100.0 |   0.0 |   0.0 |   0.0 |  11.0
       Dungeon | 100.0 | 100.0 |   0.0 |   0.0 |   0.0 |  11.0
               +-------+-------+-------+-------+-------+----------------------

Table legend:
 A = Kills in this place as a percentage of kills in entire the game.
 B = Kills by you in this place as a percentage of kills by you in the entire game.
 C = Kills by friends in this place as a percentage of kills by friends in the entire game.
 D = Other kills in this place as a percentage of other kills in the entire game.
 E = Experience gained in this place as a percentage of experience gained in the entire game.
 F = Experience gained in this place divided by the number of levels of this place that you have seen.
                   A       B       C       D       E      F
               +-------+-------+-------+-------+-------+----------------------
         Total | 100.0 | 100.0 |  -nan |  -nan | 100.0 | 37520.0
       Dungeon | 100.0 | 100.0 |  -nan |  -nan | 100.0 | 37520.0
               +-------+-------+-------+-------+-------+----------------------
